 Dungeon Crawl Stone Soup version 0.20-a0-923-g548304e (webtiles) character file.

230 FastMan the Shield-Bearer (level 6, -3/47 HPs)
             Began as a Formicid Fighter on Mar 26, 2017.
             Slain by a gnoll (9 damage)
             ... on level 4 of the Dungeon.
             The game lasted 00:01:31 (1421 turns).

FastMan the Shield-Bearer (Formicid Fighter)        Turns: 1421, Time: 00:01:32

Health: -3/47      AC: 12    Str: 20    XL:     6   Next: 24%
Magic:  6/6        EV:  4    Int:  8    God:
Gold:   75         SH: 10    Dex: 12    Spells: 5/5 levels left

rFire    . . .     SeeInvis +   a - +0 war axe
rCold    . . .     Gourm    .   c - +0 shield
rNeg     . . .     Faith    .   n - +0 plate armour
rPois    .         Spirit   .   (helmet unavailable)
rElec    .         Reflect  .   (no cloak)
rCorr    .         Harm     .   (no gloves)
MR       .....                  t - +0 pair of boots
Stlth    ..........             (no amulet)
Regen    0.2/turn               (no ring)
MPRegen  0.1/turn               (no ring)

@: lethally poisoned (-3 -> -5)
A: permanent stasis, dig shafts and tunnels, four strong arms, antennae 3
a: Dig, Shaft Self


You were on level 4 of the Dungeon.
You were not hungry.

You visited 1 branch of the dungeon, and saw 5 of its levels.

You collected 75 gold pieces.

Inventory:

Hand Weapons
 a - a +0 war axe (weapon)
Armour
 b - a +0 scale mail
 c - a +0 shield (worn)
 n - a +0 plate armour (worn)
 t - a +0 pair of boots (worn)
Jewellery
 m - an uncursed ring of fire
 o - an uncursed amulet of guardian spirit {unknown}
Scrolls
 i - 2 scrolls of blinking {unknown}
 k - 2 scrolls of teleportation {unknown}
 p - a scroll of amnesia {unknown}
 r - a scroll of identify {unknown}
 u - 2 scrolls of fog {unknown}
 v - 2 scrolls of recharging {unknown}
Potions
 d - a potion of might {@q4}
 e - 3 potions of flight {unknown}
 l - a potion of magic {unknown}
 q - a potion of cancellation {unknown}
 s - a potion of curing {unknown}
Comestibles
 f - 3 bread rations {@e1}
 g - 2 meat rations {@e2}
 j - 6 fruits {@e4}


   Skills:
 - Level 3.2 Fighting
 * Level 5.0 Axes
 - Level 3.2 Armour
 + Level 5.4 Shields


You had 5 spell levels left.
You didn't know any spells.

Dungeon Overview and Level Annotations

Branches:
Dungeon (5/15)
 Temple: D:4-7

Altars:

Annotations:
D:5 Grinder


Innate Abilities, Weirdness & Mutations

You cannot be hasted, slowed, berserked, paralysed or teleported.
You can dig through walls and to a lower floor.
Your four strong arms can wield two-handed weapons with a shield.
You have a pair of large antennae on your head. (SInv)


Message History

The gnoll hits you from afar with a spear.
You block the gnoll's attack.
You feel sick. You block the gnoll's attack. The gnoll barely misses you.
The worker ant bites you.
You feel sick.
The gnoll hits you but does no damage. x3
The gnoll hits you but does no damage.
There is a stone staircase leading up here.
You block the gnoll's attack. The gnoll hits you!
* * * LOW HITPOINT WARNING * * *
The gnoll barely misses you. The worker ant bites you.
* * * LOW HITPOINT WARNING * * *
You block the gnoll's attack.
You climb upwards.
You feel sick.
There is a stone staircase leading down here.
Unknown command.
It was a potion of haste.
Your stasis prevents you from being hasted.
The gnoll hits you!
You die...

### ### ######.# #.#
##...##.#####.#
##..#..#.......#
##..'##...#####.#
##..##.##..# #.#
#..##.∩.##.# #.#
#...##.##..#####a#
.....###.......g@#
####..#....#######
#####...##.#############
......####.#...........#
#####.# #.#.########.##
# ##+## #.#.# #.# #
#...# #.#.# #.# # #...#
#.#.# #.# #...###.#.#
#.#


You could see a worker ant and a gnoll (berserk).

Vanquished Creatures
  A howler monkey (D:4)
  A bullfrog skeleton (D:4)
  An orc wizard (D:4)
  Ijyb (D:4)
  2 worker ants (D:4)
  2 adders
  A gnoll (D:4)
  2 worms
  2 leopard geckos
  2 orcs (D:4)
  2 bats
  2 giant cockroaches
  A goblin (D:3)
  A hobgoblin (D:1)
  4 jackals (D:3)
  A kobold (D:1)
  2 frilled lizards
  A leopard gecko skeleton (D:4)
  4 rats
33 creatures vanquished.

Notes
Turn   | Place    | Note
-------+----------+-------------------------------------------
     0 | D:1      | FastMan the Formicid Fighter began the quest for the Orb.
     0 | D:1      | Reached XP level 1. HP: 18/18 MP: 1/1
   196 | D:1      | Reached XP level 2. HP: 22/24 MP: 2/2
   337 | D:2      | Reached XP level 3. HP: 29/29 MP: 3/3
   678 | D:4      | Reached XP level 4. HP: 35/35 MP: 4/4
   701 | D:4      | Noticed Ijyb
   704 | D:4      | Reached XP level 5. HP: 30/41 MP: 5/5
   716 | D:4      | Killed Ijyb
   716 | D:4      | Reached skill level 5 in Shields
   966 | D:4      | Found a sand-covered staircase.
  1057 | D:4      | Reached XP level 6. HP: 47/47 MP: 6/6
  1315 | D:5      | Entered Level 5 of the Dungeon
  1315 | D:5      | Noticed Grinder
  1331 | D:4      | Reached skill level 5 in Axes
  1421 | D:4      | Slain by a gnoll

Vault maps used:
D:1:      evilmike_arrival_rings
D:2:      lightli_temple_of_fire, chequers_ecumenical_altar_twisty, uniq_natasha
D:4:      first_bread, enter_ossuary_5, uniq_iyjb
D:5:      temple_fountains, serial_shops, shop, nemelex_lonely_heart_becter,
          uniq_grinder

Skill      XL: |  1  2  3  4  5  6 |
---------------+-------------------+-----
Shields        | 4 5 |  5.4
Axes           | 3 4 5 |  5.0
Fighting       | |  3.2
Armour         | |  3.2

Action                   |  1- 3 |  4- 6 || total
-------------------------+-------+-------++-------
Melee: War axe           |    76 |    67 ||   143
  Use: Potion            |       |     1 ||     1
  Eat: Bread ration      |       |     1 ||     1
Armor: Scale mail        |    16 |       ||    16
       Plate armour      |    33 |    44 ||    77
Dodge: Dodged            |    17 |    14 ||    31
Block: Shield            |    49 |    47 ||    96
